 Dungeon Crawl Stone Soup version 0.29-a0-364-g921d912d32 (webtiles) character file.

Game seed: 5840780093631600542

100 bande the Covered (level 4, 0/29 HPs)
             Began as a Gargoyle Fighter on Apr 30, 2022.
             Slain by Crazy Yiuf
             ... wielding a +3 quarterstaff of chaos
              (3 damage)
             ... on level 2 of the Dungeon.
             The game lasted 00:04:02 (2100 turns).

bande the Covered (Gargoyle Fighter)                Turns: 2100, Time: 00:04:03

Health: 0/29       AC: 10    Str: 19    XL:     4   Next: 73%
Magic:  4/4        EV:  9    Int:  9    God:
Gold:   106        SH:  4    Dex: 11    Spells: 3/3 levels left

rFire   . . .      SeeInvis .   a - +0 war axe
rCold   . . .      Faith    .   c - +0 buckler
rNeg    + . .      Spirit   .   b - +0 scale mail
rPois   ∞          Reflect  .   (no helmet)
rElec   +          Harm     .   (no cloak)
rCorr   .          Rampage  .   (no gloves)
Will    .....                   (no boots)
Stlth   ..........              (no amulet)
HPRegen 0.09/turn               (no ring)
MPRegen 0.09/turn               (no ring)

@: invisible
A: sickness immunity, AC +3, negative energy resistance 1, electricity
resistance, torment resistance 1, petrification resistance
a: no special abilities


You were on level 2 of the Dungeon.
You visited 1 branch of the dungeon, and saw 2 of its levels.

You collected 106 gold pieces.

Inventory:

Hand Weapons
 a - a +0 war axe (weapon)
Armour
 b - a +0 scale mail (worn)
 c - a +0 buckler (worn)
Wands
 f - a wand of acid (8)
 j - a wand of iceblast (7)
 o - a wand of charming (3)
Scrolls
 e - a scroll of identify
 g - 2 scrolls of teleportation
 h - 2 scrolls of blinking
Potions
 d - a potion of might
 i - a potion of brilliance {unknown}
 k - 2 potions of haste
 l - 2 potions of invisibility
 m - a potion of berserk rage {unknown}


   Skills:
 + Level 3.6 Fighting
 + Level 3.2 Axes
 + Level 3.8 Armour
 - Level 0.3 Dodging
 + Level 3.6 Shields
 * Level 0.7 Evocations


You had 3 spell levels left.
You didn't know any spells.
Your spell library contained the following spells:

 Spells                   Type           Power      Damage    Failure   Level
 Inner Flame              Hex/Fire       0%         N/A       99%         3
 Cause Fear               Hex            0%         N/A       100%        4
 Discord                  Hex            0%         N/A       100%        8


Dungeon Overview and Level Annotations

Branches:
Dungeon (2/15)

Altars:

Shops:
D:2 [

Annotations:
D:2 Crazy Yiuf


Innate Abilities, Weirdness & Mutations

You are immune to sickness and miasma.
Your stone body is resilient. (AC +3)
You are immune to poison.
You resist negative energy. (rN+)
You are resistant to electric shocks. (rElec)
You are resistant to unholy torment.
You are immune to petrification.


Message History

You see here a ball python skeleton.
There is a stone staircase leading down here.
You see here a +0 dagger.
Crazy Yiuf shouts!
No reachable target in view!
No reachable target in view!
No reachable target in view!
No reachable target in view!
Could not explore, unopened runed door.
You open the door. You closely miss Crazy Yiuf.
Crazy Yiuf grits, "Ten!
Goldfish Hive canine."
Crazy Yiuf hits you with a +3 quarterstaff of chaos.
You fade into invisibility!
You closely miss Crazy Yiuf. Crazy Yiuf barely misses you.
You block Crazy Yiuf's attack.
You hit Crazy Yiuf but do no damage.
Crazy Yiuf hits you with a +3 quarterstaff of chaos.
Crazy Yiuf freezes you.
You hit Crazy Yiuf.
Crazy Yiuf is lightly wounded.
Crazy Yiuf hits you with a +3 quarterstaff of chaos!
Crazy Yiuf burns you.
* * * LOW HITPOINT WARNING * * *
You strike the helpless Crazy Yiuf from behind!
You hit Crazy Yiuf.
Crazy Yiuf is lightly wounded.
There is an open translucent door here.
You hit Crazy Yiuf but do no damage.
Crazy Yiuf is lightly wounded.
Crazy Yiuf hits you with a +3 quarterstaff of chaos.
* * * LOW HITPOINT WARNING * * *
Crazy Yiuf burns you.
* * * LOW HITPOINT WARNING * * *
You barely miss Crazy Yiuf.
Crazy Yiuf is lightly wounded.
Crazy Yiuf hits you with a +3 quarterstaff of chaos.
* * * LOW HITPOINT WARNING * * *
Crazy Yiuf hits you with a +3 quarterstaff of chaos.
You die...

#.# ####.# #.##
###.#
#######.###.#.
#...#
#......÷)†....
#.###
#######.......
#.# #.....##...
#.# ####.###.#.
#.##### ####
#.....#. #.....##
###..)# #######.
#(.....####.@g..#
#.
##......#..##...#
#. ##....#.###
#### ##########.
########
#..........
###########


You could see Crazy Yiuf (can't see you).

Vanquished Creatures
  Ijyb (D:2)
  2 adders (D:2)
  5 endoplasms (D:1)
  3 giant cockroaches
  15 goblins
  A hobgoblin (D:2)
  7 kobolds
  4 quokkas
  A ball python (D:2)
  4 bats (D:1)
  4 frilled lizards
  5 rats
52 creatures vanquished.

Notes
Turn   | Place    | Note
-------+----------+-------------------------------------------
     0 | D:1      | bande the Gargoyle Fighter began the quest for the Orb.
     0 | D:1      | Reached XP level 1. HP: 14/14 MP: 1/1
   675 | D:1      | Reached XP level 2. HP: 19/19 MP: 2/2
  1001 | D:1      | Reached XP level 3. HP: 22/23 MP: 3/3
  1227 | D:2      | Identified the +5 dagger of the Dark Horse {holy, Will+}
  1357 | D:2      | Found a runed translucent door.
  1358 | D:2      | Noticed Crazy Yiuf
  1538 | D:2      | Reached XP level 4. HP: 28/28 MP: 4/4
  1597 | D:2      | Noticed Ijyb
  1611 | D:2      | Killed Ijyb
  1745 | D:2      | Found Enezuxen's Antique Armour Boutique.
  2100 | D:2      | Slain by Crazy Yiuf

Illustrated notes

Levels and vault maps discovered:
D:1:      erik_arrival_blinker_ship, layout_basic
D:2:      kennysheep_the_goblin_king, layout_loops_ring, serial_shops, shop,
          nrook_loot_triangle, uniq_crazy_yiuf_cottage

Skill      XL: |  1  2  3  4 |
---------------+-------------+-----
Axes           | 2 3 |  3.2
Fighting       | |  3.6
Armour         | |  3.8
Dodging        | |  0.3
Shields        | |  3.6
Evocations     | |  0.7

Action                   |  1- 3 |  4- 6 || total
-------------------------+-------+-------++-------
Melee: War axe           |    82 |    37 ||   119
  Use: Scroll            |     7 |       ||     7
 Stab: Invisible         |       |     1 ||     1
Armor: Scale mail        |    50 |    15 ||    65
Dodge: Dodged            |    38 |    32 ||    70
Block: Buckler           |    23 |     6 ||    29

Table legend: (Time is in decaauts)
 A = Elapsed time spent in this place.
 B = Non-inter-level travel time spent in this place.
 C = Inter-level travel time spent in this place.
 D = Time resting spent in this place.
 E = Time spent auto-exploring this place.
 F = Levels seen in this place.
 G = Mean time per level.
                   A        B        C        D        E       F      G
               +--------+--------+--------+--------+--------+-----+--------+
         Total |   2148 |   2148 |      0 |    393 |   1345 |   2 | 1074.0 |
       Dungeon |   2148 |   2148 |      0 |    393 |   1345 |   2 | 1074.0 |
               +--------+--------+--------+--------+--------+-----+--------+

Top non-repeatable levels by time:
     D:1: 1230 daAuts
     D:2: 918 daAuts
